[Event "45th FIDE Olympiad 2024"]
[Site "Budapest"]
[Date "2024.09.16"]
[Round "6.60"]
[White "Krejci, Jan"]
[Black "Olsen, Filip Boe"]
[Result "0-1"]
[ECO "D35"]
[WhiteElo "2556"]
[BlackElo "2441"]
[Annotator "TA"]
[PlyCount "100"]
[EventDate "2024.09.05"]
[EventType "team-tourn"]
[EventCountry "HUN"]
[SourceTitle "playchess.com"]
[Source "ChessBase"]
[SourceQuality "1"]
[WhiteTeam "Czech Republic"]
[BlackTeam "Denmark"]
[WhiteTeamCountry "CZE"]
[BlackTeamCountry "DEN"]
[TimeControl "40/5400+30:1800+30"]

1. c4 e6 2. Nc3 d5 3. d4 Nf6 4. cxd5 exd5 5. Bg5 Be7 6. e3 h6 7. Bh4 Bg4 8. Nf3 Nbd7 9. h3 Bf5 {[%emt 0:06:40] The position is equal.} 10. Bd3 Bxd3 11. Qxd3 c6 12. O-O O-O 13. Bxf6 Nxf6 14. Ne5 Bd6 15. f4 Re8 16. g4 Nd7 17. Rf2 Qe7 18. Re1 Rad8 19. Nf3 Nf6 20. g5 (20. Rg2 $15) 20... Ne4 $17 21. Rg2 hxg5 22. Nxg5 Nxg5 23. fxg5 Qe6 (23... Bf4 $17 24. e4 Bxg5) 24. e4 $15 Qg6 25. Qf3 Bb4 {[%emt 0:04:38] [#] ...dxe4 is the strong threat.} 26. e5 c5 27. Rf1 Bxc3 28. bxc3 Re7 29. h4 (29. dxc5 Rxe5 30. Qf4 Rde8 $17) 29... Qe4 30. Qf2 (30. dxc5 Qxe5 (30... Rxe5 31. Qxf7+ Kh7 32. Qh5+ Kg8 33. Rg4 $16) 31. g6 fxg6 32. Rxg6 d4 33. cxd4 Qxd4+ 34. Kg2 Qxc5 $17 (34... Qxh4 35. Rf2 $17)) (30. Qg3 $14) 30... Qg6 31. Qe2 (31. dxc5 Rxe5 32. c6 bxc6 (32... Qxc6 33. Qxf7+ Kh8 34. g6 $16) 33. Qxa7 Re4 $17) 31... Qe4 32. Qf2 (32. dxc5 Qxh4 (32... Rxe5 33. Qxe4 dxe4 34. Rb1 $15) 33. g6 fxg6 34. Rxg6 Qe4 35. Qxe4 dxe4 $17) 32... Qg6 33. Qe2 ({Don't play} 33. dxc5 Rxe5 34. Rg4 Qe6 $17) (33. Qf4 {looks sharper.} Qd3 34. Rf3 Qe4 35. h5) 33... Qe4 34. Qd2 ({Much weaker is} 34. dxc5 Qxh4 (34... Rxe5 35. Qf2 $17) 35. g6 fxg6 36. Rxg6 Qe4 37. Qxe4 dxe4 $17) 34... Qxh4 35. Rf4 Qh5 36. Qe1 {[%emt 0:01:56] [#] Threatens to win with Rh4.} cxd4 37. Rh4 {[%emt 0:00:46] White does not recover from this.} (37. cxd4 $15 Rc7 38. Rf1 (38. e6 $2 Re8 $17)) 37... Rxe5 $1 $19 38. Qf2 (38. Qxe5 Qxh4 39. g6) 38... Qd1+ 39. Kh2 Re1 40. Rxd4 Rh1+ 41. Kg3 Qc1 (41... Qh5 $142 {[%cal Od8e8] ( -> ...Re8!)} 42. Rh2 Qxg5+ 43. Rg4 Qe5+ 44. Qf4 Qxc3+ 45. Kg2 Rxh2+ 46. Kxh2 Re8) 42. Qd2 Rc8 43. Qxc1 Rxc1 44. Rxd5 R1xc3+ {[%emt 0:01:46][%mdl 4096] Endgame. KRR-KRR} 45. Kf4 (45. Kh2 $142) 45... R8c4+ 46. Ke5 {[%emt 0:00:00] White threatens Rd8+ and mate.} Rc5 47. Rxc5 Rxc5+ 48. Kd6 $2 (48. Kf4) 48... Ra5 {[%emt 0:01:04] Black is clearly winning.} 49. Ke7 b6 50. Kd6 Kh7 {[%emt 0:00:13] Weighted Error Value: White=0.40/Black=0.35.  Mistake:       	White=6     	Black=1      Inaccurate:     	White=4     	Black=2      OK:         	White=9     	Black=16     Best:        	White=3     	Black=1      Strong:       	---       	Black=1} 0-1

[Event "45th FIDE Olympiad 2024"]
[Site "Budapest"]
[Date "2024.09.16"]
[Round "6.60"]
[White "Mahor Jr, Manuel"]
[Black "Maharaj, Yash Krishen"]
[Result "0-1"]
[WhiteElo "1759"]
[BlackElo "1847"]
[PlyCount "80"]
[EventDate "2024.09.05"]
[EventType "team-tourn"]
[EventCountry "HUN"]
[WhiteTeam "Palau"]
[BlackTeam "Fiji"]
[WhiteTeamCountry "PAL"]
[BlackTeamCountry "FIJ"]
[TimeControl "40/5400+30:1800+30"]

1. c4 g6 2. Nc3 Bg7 3. g3 c5 4. Bg2 Nc6 5. Nf3 e5 6. d3 Nge7 7. O-O d6 8. e4 a6 9. a4 Rb8 10. h3 O-O 11. Bg5 f6 12. Be3 Be6 13. Ne1 Qd7 14. Kh2 Nb4 15. Nc2 Nec6 16. Nd5 Nxc2 17. Qxc2 Bxd5 18. cxd5 Ne7 19. h4 h5 20. Qd2 Kh7 21. f4 f5 22. Bh3 b5 23. axb5 Rxb5 24. Rab1 Rfb8 25. Bg2 Qc7 26. Qc2 exf4 27. Bxf4 Rxb2 28. Rxb2 Rxb2 29. Qa4 Rb6 30. Qa5 Qb7 31. Bg5 Ng8 32. exf5 Nf6 33. fxg6+ Kxg6 34. Bxf6 Bxf6 35. Be4+ Kg7 36. Qa4 Rb2+ 37. Kh3 Qb5 38. Qd1 Qe8 39. Qf3 Qe5 40. g4 Rh2# {0-} 0-1

[Event "45th FIDE Olympiad 2024"]
[Site "Budapest"]
[Date "2024.09.16"]
[Round "6.61"]
[White "Rodrigue-Lemieux, Shawn"]
[Black "Yilmaz, Mustafa"]
[Result "1-0"]
[ECO "B90"]
[WhiteElo "2509"]
[BlackElo "2587"]
[Annotator "TA"]
[PlyCount "79"]
[EventDate "2024.09.05"]
[EventType "team-tourn"]
[EventCountry "HUN"]
[SourceTitle "playchess.com"]
[Source "ChessBase"]
[SourceQuality "1"]
[WhiteTeam "Canada"]
[BlackTeam "Turkiye"]
[WhiteTeamCountry "CAN"]
[TimeControl "40/5400+30:1800+30"]

1. e4 c5 2. Nf3 d6 3. d4 cxd4 4. Nxd4 Nf6 5. Nc3 a6 6. Bd3 e5 7. Nde2 Be7 8. O-O O-O 9. Ng3 {[%emt 0:02:09] B90: Sicilian Najdorf: Unusual White 6th moves, 6 Be3 Ng4 and 6 Be3 e5.} Bg4 10. Be2 Be6 11. Nd5 Nxd5 12. exd5 Bc8 13. a4 f5 14. a5 Nd7 15. c4 e4 $146 ({Predecessor:} 15... Nf6 16. f4 e4 17. Be3 Nd7 18. b4 Kh8 19. Qb3 Rb8 20. Rfd1 b6 21. axb6 Nxb6 22. c5 dxc5 23. bxc5 Nd7 24. Qc2 Bf6 25. Ra2 Rb5 {1-0 Patrick,D (2244)-Hilton,S (1901) SCO-ch Hamilton 2010 (3)}) 16. b4 Bf6 17. Ra3 (17. Nxf5 Bxa1 18. Nxd6 Be5 19. Nxc8 Rxc8 $19) 17... Be5 18. f4 exf3 19. Raxf3 g6 20. Bh6 Rf7 21. Qd2 Nf6 22. Bf4 Bxf4 $1 23. Qxf4 b6 24. Qg5 Kf8 $2 (24... bxa5 $2 25. Nxf5 Bxf5 26. Rxf5 axb4 27. Rxf6 $18) (24... Kh8 $1 $11) 25. Bd3 $1 $18 bxa5 26. Bxf5 $1 Bxf5 27. Nxf5 Ne4 28. Qxd8+ Rxd8 {[%emt 0:00:02] [#]} 29. Nd4 $1 Rdd7 {[%emt 0:04:15] [#]} 30. c5 $1 (30. bxa5 Nd2 31. Ne6+ Ke8 32. Rxf7 Rxf7 $11) 30... Nd2 $2 (30... axb4 $2 31. c6 Rxf3 32. gxf3 $18 (32. Rxf3+ Ke8 $18)) (30... dxc5 {was called for.} 31. bxc5 (31. Ne6+ Ke8 $18) 31... Rxf3 (31... Nxc5 $2 32. Ne6+ Ke8 33. Rxf7 $18) 32. Rxf3+ Rf7) 31. Rxf7+ $18 Rxf7 32. Rc1 Ke8 $2 (32... axb4 33. c6 (33. cxd6 Ke8 $18) 33... b3 34. Nxb3 (34. c7 Rxc7 35. Ne6+ Ke8 $11) 34... Nxb3) 33. c6 $18 ({Weaker is} 33. cxd6 Rf4 (33... axb4 $2 {too greedy.} 34. Ne6 $18) 34. Ne6 Rc4 $11) (33. bxa5 dxc5 34. Rd1 cxd4 $11) 33... Kd8 34. b5 axb5 35. Nxb5 Rf8 36. Nxd6 Kc7 37. Nb5+ Kb6 38. c7 Kxb5 39. d6 (39. c8=B $2 a4 40. Be6 Nb3 $17) 39... Nb3 40. c8=Q 1-0

[Event "45th FIDE Olympiad 2024"]
[Site "Budapest"]
[Date "2024.09.16"]
[Round "6.61"]
[White "Thabang, Mphane"]
[Black "Hemam, Moulaye Brahim"]
[Result "0-1"]
[WhiteElo "1799"]
[BlackElo "1977"]
[PlyCount "120"]
[EventDate "2024.09.05"]
[EventType "team-tourn"]
[EventCountry "HUN"]
[WhiteTeam "Lesotho"]
[BlackTeam "Mauritania"]
[WhiteTeamCountry "LES"]
[BlackTeamCountry "MAU"]
[TimeControl "40/5400+30:1800+30"]

1. Nf3 Nf6 2. c4 g6 3. g3 Bg7 4. Bg2 O-O 5. O-O d6 6. Nc3 e5 7. d3 Nc6 8. Nh4 Be6 9. b4 Nxb4 10. Rb1 Nc6 11. Rxb7 d5 12. Ba3 Re8 13. Qa4 Nd4 14. e3 Bd7 15. Qa5 Nc2 16. Bc5 e4 17. dxe4 dxe4 18. Rb2 g5 19. Nf3 exf3 20. Bxf3 Bf5 21. Rd1 Nd7 22. g4 Qf6 23. gxf5 Nxc5 24. Bxa8 Rxa8 25. Rxc2 Qxf5 26. Re2 Qg4+ 27. Kf1 Qh3+ 28. Ke1 Bxc3+ 29. Qxc3 Ne4 30. Qe5 Qf3 31. Rc2 Qg2 32. Qf5 Re8 33. Rd7 Nd6 34. Qf6 Qg1+ 35. Ke2 Qg4+ 36. f3 Qxd7 37. Qxg5+ Kf8 38. Qh6+ Ke7 39. Qg5+ f6 40. Qg7+ Nf7 41. Rd2 Qf5 42. Qg3 Qe5 43. f4 Qe4 44. Rd4 Qc2+ 45. Kf3 Qg6 46. Qh3 f5 47. Qh4+ Kf8 48. h3 Qc6+ 49. Kf2 Rb8 50. Rd2 Qg6 51. Qg3 Nd6 52. Qxg6 hxg6 53. Kf3 Ke7 54. c5 Ne4 55. Rd5 Rd8 56. Re5+ Kf6 57. a4 Rd2 58. Rxe4 fxe4+ 59. Kxe4 c6 60. h4 a5 {0-} 0-1

[Event "45th FIDE Olympiad 2024"]
[Site "Budapest"]
[Date "2024.09.16"]
[Round "6.62"]
[White "Gurel, Ediz"]
[Black "Thavandiran, Shiyam"]
[Result "1-0"]
[ECO "C11"]
[WhiteElo "2602"]
[BlackElo "2388"]
[Annotator "TA"]
[PlyCount "123"]
[EventDate "2024.09.05"]
[EventType "team-tourn"]
[EventCountry "HUN"]
[SourceTitle "playchess.com"]
[Source "ChessBase"]
[SourceQuality "1"]
[WhiteTeam "Turkiye"]
[BlackTeam "Canada"]
[BlackTeamCountry "CAN"]
[TimeControl "40/5400+30:1800+30"]

1. e4 e6 2. d4 d5 3. Nc3 Nf6 4. e5 Nfd7 5. f4 c5 6. Nf3 Nc6 7. Be3 a6 8. Ne2 {[%emt 0:00:20] C11: French: Classical System: 4 e5 and 4 Bg5 dxe4.} Qb6 9. Qc1 Be7 10. c3 Qa5 $146 ({Predecessor:} 10... O-O 11. h4 f6 12. h5 h6 13. Rh3 a5 14. Qc2 a4 15. a3 Na5 16. Nh4 Rf7 {0-1 Navara,D (2678)-Tabatabaei,M (2707) FRA-chT Top 16 GpB 2024 (4.10)}) 11. Kf2 Qc7 12. Kg1 b5 13. h4 cxd4 14. cxd4 Nb6 15. h5 Bd7 16. b3 Rc8 17. Qe1 Nb4 18. Qg3 Kf8 19. Ne1 Qd8 20. Bd2 Na8 21. a3 Nc6 22. Nd3 a5 23. Qf2 Nb6 24. g4 ({Better is} 24. Nc3) 24... a4 $16 25. b4 Nc4 26. Bc1 Qb6 (26... f6 $142) 27. f5 Ke8 (27... h6 $16 28. Rh3 Qd8) 28. Rh3 Kd8 29. Rf3 Kc7 30. Bf4 Kb7 31. Bg3 (31. Nc5+ $6 Bxc5 32. bxc5 Qd8 $14) (31. f6 $142 gxf6 32. exf6) 31... Nd2 $16 32. Rf4 (32. Nc5+ Bxc5 33. dxc5 (33. bxc5 Nxf3+ 34. Qxf3 Qa5 $15) 33... Nxf3+ 34. Qxf3 Qc7) 32... Ka8 33. Rd1 Nc4 34. Rf3 (34. Nc5 $16 Rhd8 35. Ra1) 34... Qa7 $14 35. Nc5 Bxc5 36. bxc5 N6a5 37. Bg2 Nb3 38. fxe6 Bxe6 39. Nc3 Qd7 40. Rf4 Rhf8 ({Black should play} 40... Qb7) 41. Qf3 $16 Rcd8 42. Bh4 Nxa3 43. Bxd8 Rxd8 44. Qd3 $1 g6 45. hxg6 hxg6 46. Rf6 $1 Ka7 {[%emt 0:00:54] [#]} (46... Qb7 $16 {might work better.} 47. Qg3 Nc4) 47. Rdf1 $1 $18 Nc4 {[%emt 0:00:33] [#]} (47... b4 $2 48. Nxd5 Kb8 (48... Bxd5 49. Qa6+ Kb8 50. Rb6+ Kc7 51. Qa7+ Kc8 52. Rb8#) 49. c6 (49. Nxb4 Qxd4+ 50. Qxd4 Nxd4 $18) 49... Qxc6 50. Nxb4 $18) 48. R1f4 (48. c6 $1 $18 {[%cal Rc6d7] is the precise move to win.} Qxc6 49. Rxf7+ (49. Nxd5 $2 Qd7 $19) 49... Bxf7 50. Rxf7+ Kb8 51. Rf6) 48... b4 $2 (48... Bxg4 $2 {is the wrong capture.} 49. Rxf7 (49. Nxd5 Be6 $18) 49... g5 50. Rxd7+ $18 (50. Nxb5+ Ka6 $18)) (48... Kb8 $16) 49. Nxd5 $18 Bxd5 50. c6 Nc1 51. Qd1 ({And not} 51. cxd7 Nxd3 52. Bxd5 Ne3 53. Bxf7 (53. Bc6 $2 Nxf4 54. Bxa4 Nh3+ 55. Kh1 Ng5 $19) 53... Nxf4 54. Rxf4 Rxd7 $11) 51... b3 52. cxd7 Bxg2 53. Qxc1 Bd5 54. Qc3 b2 55. Qb4 Rxd7 56. Qxa4+ Kb8 57. Qxd7 b1=Q+ 58. Rf1 Qe4 59. Qd8+ Kb7 60. Rxf7+ Ka6 61. R7f6+ Kb5 62. Qb8+ 1-0

[Event "45th FIDE Olympiad 2024"]
[Site "Budapest"]
[Date "2024.09.16"]
[Round "6.62"]
[White "Abdellahi, Khaled Abdellahi"]
[Black "Tsephe, Lebajoa"]
[Result "0-1"]
[WhiteElo "1894"]
[BlackElo "1900"]
[PlyCount "86"]
[EventDate "2024.09.05"]
[EventType "team-tourn"]
[EventCountry "HUN"]
[WhiteTeam "Mauritania"]
[BlackTeam "Lesotho"]
[WhiteTeamCountry "MAU"]
[BlackTeamCountry "LES"]
[TimeControl "40/5400+30:1800+30"]

1. e4 c5 2. Nf3 d6 3. d4 cxd4 4. Nxd4 Nf6 5. Nc3 a6 6. Rg1 e5 7. Nb3 h5 8. h3 h4 9. Be3 Be6 10. Qd2 Nbd7 11. O-O-O b5 12. a3 Qb8 13. f4 Bxb3 14. cxb3 Qb7 15. Bd3 Be7 16. Kb1 exf4 17. Bxf4 Nc5 18. Bxd6 Bxd6 19. Bxb5+ axb5 20. Qxd6 Ne6 21. Nd5 Rh5 22. Rge1 Rd8 23. Nxf6+ gxf6 24. Qb4 Rxd1+ 25. Rxd1 Re5 26. Re1 Ng5 27. Ka2 Nxe4 28. Rd1 Qe7 29. Qa5 Kf8 30. Qa8+ Kg7 31. Rd8 f5 32. Rg8+ Kf6 33. Qc6+ Qd6 34. Qc1 Qd2 35. Qc6+ Re6 36. Qc8 b4 37. Qd8+ Qxd8 38. Rxd8 Rd6 39. Rb8 bxa3 40. bxa3 Rd2+ 41. Kb1 Rxg2 42. a4 f4 43. Rb4 Nc3+ {0-} 0-1

[Event "45th FIDE Olympiad 2024"]
[Site "Budapest"]
[Date "2024.09.16"]
[Round "6.63"]
[White "Preotu, Razvan"]
[Black "Erdogmus, Yagiz Kaan"]
[Result "1-0"]
[ECO "A07"]
[WhiteElo "2451"]
[BlackElo "2592"]
[Annotator "RC"]
[PlyCount "93"]
[EventDate "2024.09.05"]
[EventType "team-tourn"]
[EventCountry "HUN"]
[SourceTitle "playchess.com"]
[Source "ChessBase"]
[SourceQuality "1"]
[WhiteTeam "Canada"]
[BlackTeam "Turkiye"]
[WhiteTeamCountry "CAN"]
[TimeControl "40/5400+30:1800+30"]

1. Nf3 d5 2. g3 c6 3. Bg2 Bg4 4. O-O e6 5. h3 Bh5 6. c4 Nd7 7. d4 Ngf6 8. cxd5 exd5 9. Ne5 Be7 10. Nc3 Bg6 11. f4 Be4 12. Nxe4 Nxe4 13. Bxe4 dxe4 14. Qb3 Nxe5 15. dxe5 Bc5+ 16. Be3 Bxe3+ 17. Qxe3 Qb6 18. Kf2 Ke7 19. a4 Rhd8 20. a5 Qxe3+ 21. Kxe3 Rd5 22. a6 Rb5 23. axb7 Rxb7 24. Rfc1 Rb6 25. Ra2 a5 26. Kxe4 Rb4+ 27. Kf3 Ra6 28. e3 a4 29. Rca1 g5 30. b3 Rxb3 31. Rxa4 Rxa4 32. Rxa4 gxf4 33. gxf4 Rc3 34. Ke4 Rc2 35. Ra7+ Kf8 36. Kf5 Rg2 37. e6 fxe6+ 38. Kxe6 Rg6+ 39. Ke5 Rg3 40. e4 Rxh3 41. f5 Rh4 42. Kf6 Rh6+ 43. Kg5 Rd6 44. Rxh7 c5 45. Rc7 Rd4 46. e5 c4 47. e6 1-0

[Event "45th FIDE Olympiad 2024"]
[Site "Budapest"]
[Date "2024.09.16"]
[Round "6.63"]
[White "Karabo, Mokete"]
[Black "Cheikhna, Mohamed Lemine"]
[Result "1-0"]
[WhiteElo "1836"]
[BlackElo "1884"]
[PlyCount "47"]
[EventDate "2024.09.05"]
[EventType "team-tourn"]
[EventCountry "HUN"]
[WhiteTeam "Lesotho"]
[BlackTeam "Mauritania"]
[WhiteTeamCountry "LES"]
[BlackTeamCountry "MAU"]
[TimeControl "40/5400+30:1800+30"]

1. d4 d6 2. c4 g6 3. Nf3 Bg7 4. g3 e5 5. Nc3 exd4 6. Nxd4 Ne7 7. Bg2 O-O 8. O-O Nbc6 9. Nxc6 Nxc6 10. Nd5 Be6 11. h3 Ne5 12. Qb3 c6 13. Ne3 b5 14. Qc2 Nxc4 15. Nxc4 Bxc4 16. Bxc6 Rc8 17. Bf3 Qe7 18. Qd2 Rfd8 19. a4 Rb8 20. Qa5 b4 21. Bg5 f6 22. Be3 Rd7 23. Rac1 Qe6 24. Rxc4 1-0

[Event "45th FIDE Olympiad 2024"]
[Site "Budapest"]
[Date "2024.09.16"]
[Round "6.64"]
[White "Can, Emre"]
[Black "Noritsyn, Nikolay"]
[Result "1-0"]
[ECO "C02"]
[WhiteElo "2547"]
[BlackElo "2451"]
[Annotator "TA"]
[PlyCount "109"]
[EventDate "2024.09.05"]
[EventType "team-tourn"]
[EventCountry "HUN"]
[SourceTitle "playchess.com"]
[Source "ChessBase"]
[SourceQuality "1"]
[WhiteTeam "Turkiye"]
[BlackTeam "Canada"]
[BlackTeamCountry "CAN"]
[TimeControl "40/5400+30:1800+30"]

1. e4 {[%emt 0:00:09] Grandelius,Nils} e6 2. d4 d5 3. e5 c5 4. c3 Nc6 5. Nf3 Bd7 6. Be2 Nge7 7. O-O Nf5 8. dxc5 $1 {[%emt 0:01:15] 8.dxc5 is better than 8.Bd3. C02: French: Advance Variation.} a5 9. Bd3 Bxc5 10. a4 h6 11. Nbd2 Ba7 12. Nb3 Nh4 $146 ({Predecessor:} 12... O-O 13. Bc2 Nh4 14. Nxh4 Qxh4 15. Qd3 f5 16. exf6 Rxf6 17. Be3 Ne5 18. Qh7+ Kf7 19. Bxa7 Rxa7 {1-0 Grandelius,N (2662)-Bluebaum,M (2640) FIDE Grand Swiss 2021 (11)}) 13. Bf4 O-O 14. Nxh4 Qxh4 15. Bg3 Qg5 16. Kh1 f5 17. f4 Qd8 18. Bf2 Bxf2 19. Rxf2 Qb6 20. Rd2 g5 ({Black should play} 20... Be8 $14) 21. Qh5 $1 $16 Rf7 22. Bb5 gxf4 23. Re1 $1 (23. Qxh6 $6 Nxe5 24. Bxd7 Nxd7 $11) 23... Kg7 24. Nc1 $1 Be8 25. Nd3 Kh7 26. Nxf4 Rg7 27. Qe2 Bf7 {[%emt 0:00:30] [#]} 28. Rd3 $1 Na7 {[%emt 0:00:30] [#]} (28... Rg5 $16 29. Qd2 Rd8) 29. Rh3 $2 (29. Bd7 $1 $18) 29... Nxb5 $14 30. axb5 (30. Qxb5 Qxb5 31. axb5 a4 $11) 30... Rag8 31. b3 Rg5 32. Rd1 Rg4 33. Qd2 R8g5 (33... Qxb5 $2 34. Nxd5 R8g6 35. c4 $18 (35. Nf6+ Rxf6 36. exf6 f4 $18)) 34. c4 dxc4 35. bxc4 Qc7 36. Qd4 b6 37. Rf3 Rg7 (37... Rg8 $16) 38. h3 $18 R4g5 39. Rc3 Qb7 40. Rd2 Bg8 (40... Rg3 $16 {is a better defense.}) 41. Kh2 $18 Rc7 42. Qe3 Rc5 (42... Qe4 $142) 43. Rd6 $18 a4 44. Qd4 (44. Nxe6 $2 Qxg2#) 44... Rg7 $2 (44... Qe4 45. Qxe4 (45. Nxe6 $2 Qxg2#) 45... fxe4 46. Rxb6 e3) 45. Ra3 (45. Nxe6 $2 Qxg2#) 45... Bf7 46. Rxa4 (46. Nxe6 $2 Qxg2#) 46... Qe4 47. Qxe4 (47. Nxe6 $2 Qxg2#) 47... fxe4 48. Nxe6 Bxe6 49. Rxe6 Rgc7 50. Kg3 ({Not} 50. Rxb6 e3 $16) 50... Rf7 51. Rf6 Rg7+ $2 (51... Rxf6 52. exf6 Rf5) 52. Kf4 $18 Rxg2 53. Ra7+ Kg8 54. Rc6 Rf2+ 55. Ke3 1-0

[Event "45th FIDE Olympiad 2024"]
[Site "Budapest"]
[Date "2024.09.16"]
[Round "6.64"]
[White "Abdou, Ahmed Alem"]
[Black "Motlomelo, Lihloela"]
[Result "1/2-1/2"]
[WhiteElo "1897"]
[BlackElo "1696"]
[PlyCount "255"]
[EventDate "2024.09.05"]
[EventType "team-tourn"]
[EventCountry "HUN"]
[WhiteTeam "Mauritania"]
[BlackTeam "Lesotho"]
[WhiteTeamCountry "MAU"]
[BlackTeamCountry "LES"]
[TimeControl "40/5400+30:1800+30"]

1. d4 d5 2. Bf4 e6 3. e3 Bd6 4. Bg3 Nf6 5. Bd3 Bxg3 6. hxg3 c5 7. c3 cxd4 8. exd4 Qb6 9. Qb3 Qxb3 10. axb3 Bd7 11. Nf3 h6 12. Nbd2 Nc6 13. b4 O-O 14. b5 Ne7 15. Ke2 Nc8 16. b3 Nd6 17. c4 a6 18. bxa6 dxc4 19. Nxc4 Nxc4 20. Bxc4 bxa6 21. Rxa6 Rxa6 22. Bxa6 Ra8 23. Bd3 Ra2+ 24. Nd2 Nd5 25. Rc1 g6 26. Rc5 Kg7 27. Bc4 Nf6 28. Kd3 Kf8 29. b4 Ra3+ 30. Kc2 Ra7 31. b5 Rb7 32. Kc3 Ne8 33. Kb4 Nd6 34. Nb3 f6 35. Na5 Rb6 36. Rc7 Bxb5 37. Kc5 Nxc4 38. Nxc4 Rb8 39. Nd6 Be8 40. Rh7 h5 41. Rh8+ Ke7 42. f3 Rd8 43. g4 hxg4 44. fxg4 Rxd6 45. Rh7+ Bf7 46. Rxf7+ Kxf7 47. Kxd6 g5 48. Kc5 Ke7 49. Kc6 e5 50. dxe5 fxe5 51. Kd5 Kf6 52. Ke4 Ke6 53. g3 Kd6 54. Kf5 Kd5 55. Kxg5 Kd4 56. Kh4 e4 57. g5 e3 58. g6 e2 59. g7 e1=Q 60. g8=Q Qh1+ 61. Kg4 Qe4+ 62. Kh5 Qh1+ 63. Kg5 Qc1+ 64. Kf6 Qc6+ 65. Kg5 Qc1+ 66. Kg6 Qc6+ 67. Kh7 Qe4+ 68. Qg6 Qh1+ 69. Kg7 Qb7+ 70. Kh6 Qh1+ 71. Qh5 Qc6+ 72. Kg5 Qd5+ 73. Kh4 Qh1+ 74. Kg4 Qe4+ 75. Kg5 Qe5+ 76. Kh4 Qf6+ 77. Qg5 Qh8+ 78. Kg4 Qc8+ 79. Kh5 Qe8+ 80. Qg6 Qe5+ 81. Kh6 Qh8+ 82. Kg5 Qe5+ 83. Kh4 Qe7+ 84. Qg5 Qh7+ 85. Kg4 Qd7+ 86. Kh4 Qh7+ 87. Qh5 Qe7+ 88. Kh3 Ke3 89. g4 Qe4 90. Qg5+ Ke2 91. Qb5+ Ke1 92. Qa5+ Ke2 93. Qa2+ Kf1 94. Qa1+ Ke2 95. Qb2+ Ke1 96. Qc3+ Ke2 97. Kg3 Qe6 98. Qf3+ Kd2 99. Qf4+ Kd1 100. g5 Qe1+ 101. Kg4 Qg1+ 102. Kf5 Qc5+ 103. Kg6 Qc6+ 104. Qf6 Qe4+ 105. Kg7 Qb7+ 106. Qf7 Qb2+ 107. Kg8 Qb8+ 108. Kh7 Qh2+ 109. Kg7 Qe5+ 110. Qf6 Qc7+ 111. Kg6 Qc2+ 112. Kf7 Qc7+ 113. Qe7 Qf4+ 114. Kg6 Qc4 115. Qd6+ Kc1 116. Kh5 Qe2+ 117. Kh6 Qg4 118. g6 Qh3+ 119. Kg7 Qc3+ 120. Qf6 Qc7+ 121. Qf7 Qe5+ 122. Kg8 Qb8+ 123. Qf8 Qb3+ 124. Kh7 Qd3 125. Qc8+ Kd2 126. Kh8 Qxg6 127. Qg8 Qxg8+ 128. Kxg8 1/2-1/2

[Event "45th FIDE Olympiad 2024"]
[Site "Budapest"]
[Date "2024.09.16"]
[Round "6.65"]
[White "Haring, Filip"]
[Black "Theodorou, Nikolas"]
[Result "1/2-1/2"]
[ECO "C42"]
[WhiteElo "2503"]
[BlackElo "2619"]
[Annotator "TA"]
[PlyCount "147"]
[EventDate "2024.09.05"]
[EventType "team-tourn"]
[EventCountry "HUN"]
[SourceTitle "playchess.com"]
[Source "ChessBase"]
[SourceQuality "1"]
[WhiteTeam "Slovakia"]
[BlackTeam "Greece"]
[WhiteTeamCountry "SVK"]
[BlackTeamCountry "GRE"]
[TimeControl "40/5400+30:1800+30"]

1. e4 e5 2. Nf3 Nf6 3. Nxe5 d6 4. Nf3 Nxe4 5. Nc3 Nf6 6. d4 Be7 7. Bd3 O-O 8. h3 {C42: Petroff Defence: 3 Nxe5 and unusual White 3rd moves.} d5 9. O-O c5 10. dxc5 Bxc5 11. Ne2 Nc6 $146 ({Predecessor:} 11... h6 12. c3 Nc6 13. Bf4 Re8 14. Qb3 Qb6 15. Qxb6 Bxb6 16. Rfe1 Bd7 17. Rad1 Re6 {½-½ Hoehne,V (1832)-Yuryev,A (1917) SB-2014-0-00352}) 12. c3 Ne4 13. Bc2 Re8 14. Ned4 Nxd4 15. Nxd4 Qb6 16. Bb3 Qg6 17. Bxd5 Bxh3 18. Qf3 Bd7 19. Bf4 Bg4 20. Qd3 Rad8 21. Bxb7 Re7 22. Bxe4 Rxe4 23. Qg3 Qf6 24. Bc7 Rde8 25. f3 Rxd4 26. cxd4 Bxd4+ 27. Kh1 Be6 28. Qf4 Rc8 29. Qxf6 Bxf6 30. Rac1 Bxb2 31. Rb1 Bf6 32. Rb8 Rxb8 $1 33. Bxb8 Bxa2 34. Bxa7 h5 35. Rd1 Be6 36. Bd4 Bxd4 37. Rxd4 g5 38. g3 Kg7 39. Kg2 Kf6 40. Kf2 Kg6 41. Ra4 Bd7 42. Ra7 Be6 43. Ra4 Bd7 $1 44. Rb4 Be6 45. Ke3 Bh3 46. Rb8 Kg7 47. Rb5 Kg6 48. f4 f6 49. fxg5 fxg5 50. Rb6+ Kg7 51. Ra6 Kh7 52. Ra2 Kg6 53. Rh2 Bf5 54. Kd4 h4 55. gxh4 gxh4 56. Rxh4 Kg5 57. Rh2 Kf6 58. Rf2 Ke6 59. Ra2 Kf6 60. Ra6+ Kg7 61. Ke5 Bd3 62. Rd6 Bc2 63. Rf6 Bd3 64. Ke6 Bc2 65. Ke7 Bd3 66. Rf3 Bc2 67. Rg3+ Kh8 $2 (67... Kh6 $11) 68. Kf6 Be4 69. Rh3+ Kg8 70. Re3 Bc2 71. Rg3+ Kh8 {[#]} 72. Kf7 $1 Be4 73. Rh3+ Bh7 74. Rh6 1/2-1/2

[Event "45th FIDE Olympiad 2024"]
[Site "Budapest"]
[Date "2024.09.16"]
[Round "6.65"]
[White "Hamperl, Fred"]
[Black "Kamara, Ansumana"]
[Result "1-0"]
[WhiteElo "1977"]
[BlackElo "1876"]
[PlyCount "162"]
[EventDate "2024.09.05"]
[EventType "team-tourn"]
[EventCountry "HUN"]
[WhiteTeam "Guernsey"]
[BlackTeam "Sierra Leone"]
[BlackTeamCountry "SIE"]
[TimeControl "40/5400+30:1800+30"]

1. e4 e5 2. Nf3 Nc6 3. Nc3 Nf6 4. d4 exd4 5. Nxd4 Nxd4 6. Qxd4 d6 7. Bc4 Be7 8. O-O O-O 9. h3 a6 10. a4 c6 11. Bf4 c5 12. Qd3 Qc7 13. Rad1 Rd8 14. Rfe1 Be6 15. Nd5 Bxd5 16. Bxd5 Rac8 17. c4 Nxd5 18. Qxd5 Qc6 19. b3 h6 20. Qf5 Bf6 21. Bxd6 Bd4 22. Bf4 Qb6 23. Rb1 Rc6 24. e5 Rg6 25. Re2 Qc6 26. Qe4 Qe6 27. Be3 Bxe5 28. Bxc5 Qxh3 29. f4 Qc8 30. Bb6 Rxb6 31. fxe5 Re6 32. Rbe1 Qc5+ 33. Kf1 b5 34. cxb5 axb5 35. b4 Qb6 36. a5 Qa7 37. Qc2 Rd4 38. Re4 g6 39. Qc3 Rd5 40. Rc1 Kg7 41. Qc7 Qa8 42. Re2 Qe8 43. Rc5 Rd4 44. Rb2 Rd7 45. Qc8 Qxc8 46. Rxc8 Rxe5 47. Rc5 Kf6 48. Rf2+ Ke6 49. Rc6+ Ke7 50. Rb2 h5 51. Rb6 Rc7 52. Re2 Rc1+ 53. Kf2 Rxe2+ 54. Kxe2 Rc2+ 55. Kf3 Rc3+ 56. Kf2 Rc2+ 57. Kg1 Rb2 58. Rxb5 Kd6 59. Rb7 Ra2 60. Rxf7 Ra4 61. Rb7 g5 62. Kf2 Kc6 63. Rb6+ Kc7 64. Rb5 h4 65. Rxg5 Rxb4 66. Kf3 Rb3+ 67. Kg4 Rb4+ 68. Kh3 Ra4 69. Rg4 Rxa5 70. Kxh4 Kd6 71. Re4 Kd5 72. Re8 Kd6 73. g4 Ra7 74. g5 Rh7+ 75. Kg4 Re7 76. Rf8 Rh7 77. g6 Rh1 78. Re8 Kd7 79. Re4 Rh8 80. Kg5 Re8 81. Rxe8 Kxe8 1-0

[Event "45th FIDE Olympiad 2024"]
[Site "Budapest"]
[Date "2024.09.16"]
[Round "6.66"]
[White "Kourkoulos-Arditis, Stamatis"]
[Black "Sahidi, Samir"]
[Result "1/2-1/2"]
[ECO "B92"]
[WhiteElo "2570"]
[BlackElo "2474"]
[Annotator "RC"]
[PlyCount "71"]
[EventDate "2024.09.05"]
[EventType "team-tourn"]
[EventCountry "HUN"]
[SourceTitle "playchess.com"]
[Source "ChessBase"]
[SourceQuality "1"]
[WhiteTeam "Greece"]
[BlackTeam "Slovakia"]
[WhiteTeamCountry "GRE"]
[BlackTeamCountry "SVK"]
[TimeControl "40/5400+30:1800+30"]

1. e4 c5 2. Nf3 d6 3. d4 cxd4 4. Nxd4 Nf6 5. Nc3 a6 6. Be2 e5 7. Nb3 Be6 8. f4 Qc7 9. f5 Bc4 10. Bg5 Nbd7 11. Bxc4 Qxc4 12. Qd3 Qxd3 13. cxd3 Be7 14. Rc1 Bd8 15. Ke2 h6 16. Bxf6 Nxf6 17. Nd2 b5 18. Nd5 Kd7 19. h4 h5 20. g3 Rg8 21. Rhf1 Rc8 22. Rxc8 Kxc8 23. Rc1+ Kb7 24. Nxf6 Bxf6 25. Nf1 Rc8 26. Rxc8 Kxc8 27. Ne3 Kd7 28. Nd5 Bd8 29. Kf3 g6 30. b4 Kc6 31. f6 Kd7 32. g4 Ke6 33. g5 Kd7 34. Ke2 Kc6 35. d4 Bb6 36. Nxb6 1/2-1/2